 Dungeon Crawl Stone Soup version 0.30-a0-862-g1aabd4f9c5 (webtiles) character file.

Game seed: 12544925995379022294

579 Pimp the Conjurer (level 7, -5/53 HPs)
             Began as an Armataur Conjurer on Mar 8, 2023.
             Slain by a sleepcap (13 damage)
             ... on level 5 of the Dungeon.
             The game lasted 00:20:17 (5274 turns).

Pimp the Conjurer (Armataur Conjurer)               Turns: 5274, Time: 00:20:18

Health: -5/53      AC:  6    Str: 10    XL:     7   Next: 13%
Magic:  9/12       EV:  1    Int: 21    God:
Gold:   174        SH:  0    Dex:  6    Spells: 3/13 levels left

rFire   . . .      SeeInvis .    b - +1 short sword (venom)
rCold   . . .      Faith    .    (no shield)
rNeg    . . .      Spirit   .    a - +0 robe
rPois   +          Reflect  .    (no helmet)
rElec   +          Roll     +    (no cloak)
rCorr   .                        n - +1 pair of gloves
Will    .....                    (no barding)
Stlth   ++                       (no amulet)
HPRegen 0.28/turn                d - ring of poison resistance
MPRegen 0.13/turn                (no ring)

@: sleeping
A: large, rugged brown scales 3, deformed body, armoured tail, roll, long
tongue, awkward tongue, clumsy 1, electricity resistance, weak 1, subdued magic
1
a: no special abilities


You were on level 5 of the Dungeon.
You visited 1 branch of the dungeon, and saw 5 of its levels.

You collected 174 gold pieces.

Inventory:

Hand Weapons
 b - a +1 short sword of venom (weapon)
Missiles
 f - 4 javelins
 k - 6 boomerangs (quivered)
Armour
 a - a +0 robe (worn)
 m - a +0 pair of gloves
 n - a +1 pair of gloves (worn)
Jewellery
 d - a ring of poison resistance (left hand)
Wands
 g - a wand of iceblast (13)
 s - a wand of flame (20)
Scrolls
 c - a scroll of identify
 h - a scroll of noise
 i - a scroll of silence
 r - a scroll of amnesia
 t - a scroll of magic mapping
Potions
 e - 2 potions of degeneration
 j - 2 potions of attraction
 p - a potion of cancellation
 q - a potion of lignification


   Skills:
 + Level 2.3 Throwing
 + Level 2.8 Dodging
 + Level 4.3 Stealth
 * Level 3.5 Spellcasting
 + Level 4.7 Conjurations
 + Level 1.2 Evocations


You had 3 spell levels left.
You knew the following spells:

 Your Spells              Type           Power      Damage    Failure   Level
a - Magic Dart            Conj           72%        1d6       1%          1
b - Searing Ray           Conj           36%        2d5       1%          2
c - Dazzling Flash        Conj/Hex       20%        N/A       12%         3
d - Fulminant Prism       Conj/Hex       5%         3d7       38%         4

Your spell library contained the following spells:

 Spells                   Type           Power      Damage    Failure   Level
 Lesser Beckoning         Tloc           4%         N/A       16%         2
 Gell's Gravitas          Tloc           2%         N/A       32%         3
 Teleport Other           Tloc           2%         N/A       32%         3
 Iskenderun's Mystic Bla  Conj/Tloc      10%        2d4       38%         4


Dungeon Overview and Level Annotations

Branches:
Dungeon (5/15)
 Temple: D:4-7

Altars:

Shops:
D:2 ?   D:3 :


Innate Abilities, Weirdness & Mutations

You are completely covered in rugged brown scales. (AC +3, +7% HP)
Armour fits poorly on your strangely shaped body.
You have a long armoured tail.
You roll when moving toward enemies. (Rampage)
Your long tongue fully drains potion bottles. (2x potion effects)
Your tongue gives you trouble enunciating. (1.5x scroll delay)
You are clumsy. (Dex -2)
You are resistant to electric shocks. (rElec)
You are weak. (Str -2)
Your spells are a little easier to cast, but a little less powerful.


Message History

You hit the sleepcap but do no damage.
The sleepcap is poisoned.
The sleepcap is moderately damaged.
The sleepcap releases spores at you but does no damage.
You hit the sleepcap.
The sleepcap looks as sick as possible!
The sleepcap is moderately damaged.
The sleepcap releases spores at you but does no damage.
You hit the sleepcap but do no damage.
The sleepcap looks as sick as possible!
The sleepcap is heavily damaged.
The sleepcap releases spores at you.
You are engulfed in a cloud of soporific spores!
You fall asleep.
The sleepcap releases spores at you!
You wake up.
* * * LOW HITPOINT WARNING * * *
You are engulfed in a cloud of soporific spores!
You are unaffected.
The sleepcap attacks as you move away! The sleepcap misses you.
The sleepcap attacks as you move away! The sleepcap completely misses you.
Casting: Dazzling Flash (dangerous; 12% risk of failure)
Confirm with . or Enter, or press ? or * to list all spells.
Aiming: Magic Dart (safe; 1% risk of failure)
Press: ? - help, Shift-Dir - straight line, f - sleepcap
Aim: a sleepcap (severely damaged, very poisoned, 100% to hit)
The magic dart hits the sleepcap.
The sleepcap is severely damaged.
The sleepcap barely misses you.
Sorry, you're not good enough to have a special ability.
Casting: Magic Dart (safe; 1% risk of failure)
Confirm with . or Enter, or press ? or * to list all spells.
Aiming: Searing Ray (safe; 1% risk of failure)
Press: ? - help, Shift-Dir - straight line, f/p - sleepcap
Aim: a sleepcap (severely damaged, very poisoned, 100% to hit)
The searing ray hits the sleepcap.
The sleepcap is almost destroyed. (Press . to maintain the ray.)
The sleepcap releases spores at you!
* * * LOW HITPOINT WARNING * * *
You are engulfed in a cloud of soporific spores!
You fall asleep.
The sleepcap releases spores at you!
You die...

#.....##..#................
#.....#####....)............
#.........#..................
#.........#....................
#.....##..#....................
#.....##..#.....................
#......#..'.......†.............
#......+..#.......÷......../....
#.....##..#....@f...............
########..#.....................
#..+...).................
#..#.....................
#..#............†)....##
#+##..................#
.....................#
.........>...........#
......................#


You could see a sleepcap (very poisoned).

Vanquished Creatures
  2 phantoms
  A scorpion (D:5)
  2 hounds
  3 iguanas (D:5)
  A jelly (D:4)
  2 orc priests (D:3)
  Natasha (D:1)
  An orc wizard (D:3)
  An adder (D:3)
  2 ufetubi
  2 dart slugs
  9 orcs
  5 bats
  9 endoplasms
  3 giant cockroaches
  7 goblins
  6 hobgoblins
  7 kobolds
  2 quokkas
  2 ball pythons
  5 frilled lizards
  6 rats
79 creatures vanquished.

Vanquished Creatures (collateral kills)
  2 orcs (D:5)
2 creatures vanquished.

Grand Total: 81 creatures vanquished

Notes
Turn   | Place    | Note
-------+----------+-------------------------------------------
     0 | D:1      | Pimp the Armataur Conjurer began the quest for the Orb.
     0 | D:1      | Reached XP level 1. HP: 14/14 MP: 3/3
   258 | D:1      | Found a faded altar of an unknown god.
   354 | D:1      | Reached XP level 2. HP: 21/21 MP: 0/4
  1310 | D:2      | Noticed Natasha
  1317 | D:2      | Noticed a crimson imp
  1337 | D:1      | Reached XP level 3. HP: 9/27 MP: 3/6
  1414 | D:1      | Learned a level 2 spell: Searing Ray
  1433 | D:1      | Gained mutation: Your spells are a little easier to cast,
                  | but a little less powerful. [potion of mutation]
  1433 | D:1      | Gained mutation: You are weak. (Str -2) [potion of
                  | mutation]
  1433 | D:1      | Gained mutation: You are clumsy. (Dex -2) [potion of
                  | mutation]
  1433 | D:1      | Gained mutation: You are very weak. (Str -4) [potion of
                  | mutation]
  1433 | D:1      | Gained mutation: You are resistant to electric shocks.
                  | (rElec) [potion of mutation]
  1433 | D:1      | Lost mutation: You are very weak. (Str -4) [potion of
                  | mutation]
  1434 | D:1      | Killed Natasha
  1965 | D:2      | Found Luxtuga's Magic Scroll Emporium.
  2331 | D:3      | Reached XP level 4. HP: 35/35 MP: 4/7
  2511 | D:3      | Reached skill level 1 in Throwing
  2930 | D:3      | Found Quvor's Book Shop.
  3058 | D:3      | Noticed a phantom
  3206 | D:2      | Learned a level 3 spell: Dazzling Flash
  3231 | D:3      | Reached XP level 5. HP: 34/40 MP: 5/8
  3351 | D:3      | Killed a phantom
  3826 | D:4      | Reached XP level 6. HP: 48/48 MP: 6/10
  4311 | D:4      | Learned a level 4 spell: Fulminant Prism
  4312 | D:5      | Entered Level 5 of the Dungeon
  4717 | D:5      | Reached skill level 1 in Evocations
  4847 | D:4      | Reached XP level 7. HP: 9/53 MP: 3/12
  5274 | D:5      | Slain by a sleepcap

Illustrated notes

Levels and vault maps discovered:
D:1:      reono_arrival_mine, layout_basic, chequers_ecumenical_altar_simple,
          st_stairs_2, chequers_jeans, minmay_cupped
D:2:      layout_loops_cross, serial_shops, nicolae_shop_crystal, uniq_natasha
D:3:      layout_loops_ring, serial_shops, shop, kennysheep_generic_room_5
D:4:      layout_cave_pools
D:5:      layout_gridville

Skill      XL: |  1  2  3  4  5  6 |
---------------+-------------------+-----
Spellcasting   | 2 3 |  3.5
Stealth        | 3 4 |  4.3
Conjurations   | 4 |  4.7
Throwing       | 1 2 |  2.3
Dodging        | 2 |  2.8
Evocations     | 1 |  1.2

Action                     |  1- 3 |  4- 6 |  7- 9 || total
---------------------------+-------+-------+-------++-------
  Melee: Unarmed           |    43 |    43 |       ||    86
         Tailslap          |     7 |     9 |     4 ||    20
         Punch             |     1 |       |       ||     1
         Short sword       |       |    37 |    24 ||    61
  Throw: Boomerang         |    16 |     5 |       ||    21
   Cast: Magic Dart        |    34 |    53 |     5 ||    92
         Searing Ray       |     9 |    24 |     1 ||    34
         Dazzling Flash    |       |     1 |     1 ||     2
    Use: Scroll            |     4 |    10 |       ||    14
         Potion            |     5 |     6 |       ||    11
   Stab: Sleeping          |     1 |     2 |       ||     3
         Invisible         |       |       |     1 ||     1
 Armour: Robe              |    28 |    71 |     4 ||   103
         Skin              |     6 |       |       ||     6
  Dodge: Dodged            |    29 |   105 |    11 ||   145

Table legend: (Time is in decaauts)
 A = Elapsed time spent in this place.
 B = Non-inter-level travel time spent in this place.
 C = Inter-level travel time spent in this place.
 D = Time resting spent in this place.
 E = Time spent auto-exploring this place.
 F = Levels seen in this place.
 G = Mean time per level.
                   A        B        C        D        E       F      G
               +--------+--------+--------+--------+--------+-----+--------+
         Total |   5291 |   5104 |    187 |   1914 |   2027 |   5 | 1058.2 |
       Dungeon |   5291 |   5104 |    187 |   1914 |   2027 |   5 | 1058.2 |
               +--------+--------+--------+--------+--------+-----+--------+

Top non-repeatable levels by time:
     D:1: 1345 daAuts
     D:3: 1209 daAuts
     D:2: 1094 daAuts
     D:4: 991 daAuts
     D:5: 649 daAuts
